 Dungeon Crawl Stone Soup version 0.27-b1-16-g6517624069 (webtiles) character file.

Game seed: 13896648604690116695

102 infcreate the Sneak (level 4, -1/25 HPs)
             Began as a Vampire Enchanter on July 26, 2021.
             Slain by an orc priest (4 damage)
             ... on level 3 of the Dungeon.
             The game lasted 00:13:48 (4340 turns).

infcreate the Sneak (Vampire Enchanter)             Turns: 4340, Time: 00:13:49

Health: -1/25      AC:  3    Str:  7    XL:     4   Next: 50%
Magic:  3/7        EV: 13    Int: 17    God:
Gold:   78         SH:  0    Dex: 15    Spells: 2/8 levels left

rFire    + . .     SeeInvis +   k - +3 short sword
rCold    + + +     Faith    .   (no shield)
rNeg     + + +     Spirit   .   b - +0 robe
rPois    ∞         Reflect  .   (no helmet)
rElec    .         Harm     .   (no cloak)
rCorr    .         Rampage  .   c - +0 pair of gloves
Will     .....                  (no boots)
Stlth    +++++.....             (no amulet)
HPRegen  0.00/turn              j - ring of protection from cold
MPRegen  0.10/turn              f - ring of protection from fire

@: confusing by touch, bloodless, inhibited regen
A: bloodless, fangs 3, see invisible, vampiric 2
a: Bat Form, Revivify


You were on level 3 of the Dungeon.
You visited 1 branch of the dungeon, and saw 3 of its levels.

You collected 78 gold pieces.

Inventory:

Hand Weapons
 a - a +1 dagger
 k - a +3 short sword (weapon)
Armour
 b - a +0 robe (worn)
 c - a +0 pair of gloves (worn)
Jewellery
 f - a ring of protection from fire (right hand)
 j - a ring of protection from cold (left hand)
Scrolls
 d - a scroll of enchant armour {unknown}
 e - a scroll of noise {unknown}
 g - a scroll of brand weapon {unknown}
 h - a scroll of teleportation {unknown}
 i - a scroll of fog {unknown}


   Skills:
 + Level 1.3 Fighting
 + Level 2.2 Short Blades
 + Level 2.8 Dodging
 + Level 5.1 Stealth
 + Level 2.5 Spellcasting
 + Level 5.1 Hexes


You had 2 spell levels left.
You knew the following spells:

 Your Spells              Type           Power      Damage    Failure   Level
a - Corona                Hex            21%        N/A       2%          1
b - Ensorcelled Hibernat  Hex/Ice        20%        N/A       10%         2
c - Confusing Touch       Hex            19%        N/A       7%          3

Your spell library contained the following spells:

 Spells                   Type           Power      Damage    Failure   Level
 Magic Dart               Conj           8%         1d3       19%         1
 Searing Ray              Conj           4%         3d3       28%         2
 Tukima's Dance           Hex            19%        N/A       7%          3
 Dazzling Flash           Conj/Hex       20%        N/A       19%         3
 Spider Form              Tmut/Pois      1%         N/A       50%         3
 Fulminant Prism          Conj/Hex       5%         3d7       54%         4
 Shadow Creatures         Summ           N/A        N/A       100%        6


Dungeon Overview and Level Annotations

Branches:
Dungeon (3/15)

Altars:
Xom


Innate Abilities, Weirdness & Mutations

You do not regenerate when monsters are visible.
You are frail without blood (-20% HP).
You can heal yourself when you bite living creatures.
You are immune to poison.
You have razor-sharp teeth.
You have supernaturally acute eyesight. (SInv)
You are afflicted with vampirism and can become a bat while bloodless.


Message History

You see here a +3 short sword.
k - a +3 short sword
k - a +3 short sword (weapon)
Casting: Ensorcelled Hibernation (safe; 10% risk of failure)
Confirm with . or Enter, or press ? or * to list all spells.
Okay, then.
Casting: Ensorcelled Hibernation (safe; 10% risk of failure)
Confirm with . or Enter, or press ? or * to list all spells.
Aiming: Ensorcelled Hibernation (safe; 10% risk of failure)
Press: ? - help, Shift-Dir - straight line, f - orc priest
Aim: an orc priest, wielding a +0 hand axe and wearing a +0 chain mail (wandering, hasn't noticed you, chance to affect: 41%)
Okay, then.
Casting: Ensorcelled Hibernation (safe; 10% risk of failure)
Confirm with . or Enter, or press ? or * to list all spells.
Aiming: Ensorcelled Hibernation (safe; 10% risk of failure)
Press: ? - help, Shift-Dir - straight line, f - orc priest
Aim: an orc priest, wielding a +0 hand axe and wearing a +0 chain mail (wandering, hasn't noticed you, chance to affect: 41%)
The orc priest shouts!
The orc priest resists with some effort.
Casting: Ensorcelled Hibernation (safe; 10% risk of failure)
Confirm with . or Enter, or press ? or * to list all spells.
The spell is quite dangerous to cast (7% risk of failure)!
Continue anyway?
Your hands begin to glow red.
The orc shouts!
You hit the orc priest but do no damage.
The orc priest invokes the aid of Beogh against you.
Beogh smites you!
Ouch! That really hurt!
You hit the orc priest but do no damage.
The orc priest hits you with a +0 hand axe.
You hit the orc priest but do no damage.
The orc priest barely misses you.
You hit the orc priest but do no damage.
The orc priest hits you with a +0 hand axe.
* * * LOW HITPOINT WARNING * * *
You hit the orc priest but do no damage.
The orc hits you from afar with a +0 trident.
* * * LOW HITPOINT WARNING * * *
The orc priest hits you with a +0 hand axe.
You die...

##.#.#.#....# #.# #.#
♣..#.#.#....# #.# #.#
♣.##.#.#....# #.# #)#
♣###.#.#.##.#########.# ♣
#.#.#.##...........#
#.#.#.############## ♣P #.#.#.#
#.# ♣.P ##.#...# #.# .. ♣
#..###@# #.# .♣♣..♣♣ #.####o##
##.####### P...P..
#....o..#####........# ..♣♣..♣♣
#..<.................# ♣♣♣.♣♣.♣
#.......##..#.#.#.#..# .♣..♣..♣
#.......##...........#
...♣..♣♣♣♣#.......##..#.#.#.#..#
......P♣♣.........###..........#
......P...#....<).# #.#.#.#.#..#


You could see an orc priest and an orc.

Vanquished Creatures
  2 adders (D:2)
  2 worms
  2 dart slugs
  8 orcs
  5 ball pythons
  4 endoplasms
  4 giant cockroaches
  8 goblins
  10 hobgoblins
  5 kobolds
  2 quokkas
  3 bats
  2 frilled lizards
  5 rats
62 creatures vanquished.

Vanquished Creatures (others)
  68 plants (D:3)
68 creatures vanquished.

Grand Total: 130 creatures vanquished

Notes
Turn   | Place    | Note
-------+----------+-------------------------------------------
     0 | D:1      | infcreate the Vampire Enchanter began the quest for the
                  | Orb.
     0 | D:1      | Reached XP level 1. HP: 13/13 MP: 3/3
   450 | D:1      | Reached XP level 2. HP: 16/16 MP: 5/5
   462 | D:1      | Learned a level 2 spell: Ensorcelled Hibernation
  1082 | D:1      | Found a faded altar of an unknown god.
  1150 | D:1      | Gained mutation: You are afflicted with vampirism and can
                  | become a bat while bloodless. [Vampire growth]
  1150 | D:1      | Reached XP level 3. HP: 20/20 MP: 6/6
  1154 | D:1      | Learned a level 3 spell: Confusing Touch
  2105 | D:2      | Reached skill level 1 in Fighting
  2328 | D:2      | Found a shimmering altar of Xom.
  2362 | D:2      | Reached skill level 5 in Stealth
  2362 | D:2      | Reached skill level 5 in Hexes
  2362 | D:2      | Reached XP level 4. HP: 25/25 MP: 7/7
  4340 | D:3      | Slain by an orc priest

Illustrated notes

Levels and vault maps discovered:
D:1:      saegor_arrival_simple_b, layout_loops_ring,
          shapermc_ecumenical_altar_notcrosses
D:2:      layout_basic, basic_altar
D:3:      wad_woods_pond, layout_rooms, grunt_temple_overflow_open,
          serial_co_window_serial, co_window_corner_a, co_window_paths_b,
          co_window_paths_a, co_window_paths_a, co_window_cross_1,
          co_window_paths_a, co_window_of_opportunity_a, co_window_corner_ca,
          co_window_corner_b, co_window_cross_2, co_window_of_opportunity_b,
          co_window_paths_c, co_window_of_opportunity_b, glass_columns_c

Skill      XL: |  1  2  3 |
---------------+----------+-----
Fighting       | 1 |  1.3
Short Blades   | 2 |  2.2
Stealth        | 5 |  5.1
Hexes          | 5 |  5.1
Dodging        | |  2.8
Spellcasting   | |  2.5

Action                   |  1- 3 |  4- 6 || total
-------------------------+-------+-------++-------
Melee: Dagger            |   101 |    66 ||   167
       Bite              |     6 |     6 ||    12
       Short sword       |       |     5 ||     5
 Cast: Corona            |     7 |       ||     7
       Ensorcelled Hiber |    15 |    19 ||    34
       Confusing Touch   |     5 |    11 ||    16
 Abil: Exsanguinate      |     1 |       ||     1
 Stab: Sleeping          |    27 |     6 ||    33
       Confused          |     3 |     7 ||    10
Armor: Robe              |    20 |     5 ||    25
Dodge: Dodged            |    52 |    31 ||    83
